Coyotes vs Ducks

Created - November 8 2008 at 13:11

Goals
1 2 3 T
Coyotes 1 0 1 2
Ducks 1 2 0 3
Shots
1 2 3 T
Coyotes 6 8 2 16
Ducks 6 6 5 17

Period #1

1. Coyotes , Pavol Demitra 5 (Sergei Gonchar, Eric Staal) at 10:27
2. Ducks , Mike Sillinger 9 (Chris Pronger) at 10:33

Penalties :
Sergei Gonchar (PHX) for Hooking (Minor) at 0:26, Jamal Mayers (ANA) for Checking from behind (Major / Game Misconduct) at 16:26, Mike Fisher (ANA) for Cross-checking (Minor) at 17:14

Period #2

3. Ducks , Manny Malhotra 4 (Richard Park, Tom Poti) at 1:43
4. Ducks , Paul Stastny 8 (Tom Poti, Andrew Brunette) at 17:48 (PP)

Penalties :
Shane O'Brien (ANA) for Tripping (Minor) at 2:13, John Oduya (PHX) for Hooking (Minor) at 16:49, Aaron Ward (PHX) for Interference (Minor) at 17:10

Period #3

5. Coyotes , Mike Knuble 4 (Brent Sopel, Eric Staal) at 1:15 (PP)

Penalties :
Chris Pronger (ANA) for Hooking (Minor) at 0:19, Jordan Staal (PHX) for Tripping (Minor) at 5:04, Erik Cole (PHX) for Holding (Minor) at 16:02, Aaron Ward (PHX) for Tripping (Minor) at 18:59

Goalie Stats

Cam Ward (PHX), 14 saves from 17 shots - (0.824), L, 8-6-2, 60:00 minutes
Jean-Sebastien Giguere (ANA), 14 saves from 16 shots - (0.875), W, 7-8-0, 60:00 minutes

Players Stats

Coyotes
Player Name              G  A  P  +/- PIM S  H  SB FO MP 
-----------------------------------------------------------
Aaron Ward               0  0  0   0  4   0  2  0  0  20 
Anders Eriksson          0  0  0   0  0   0  0  1  0  22 
Brent Sopel              0  1  1   1  0   1  0  3  0  22 
Eric Belanger            0  0  0   0  0   0  0  0  15 16 
Eric Staal               0  2  2   1  0   3  0  1  18 22 
Erik Cole                0  0  0   0  2   1  3  0  1  16 
Jed Ortmeyer             0  0  0   0  0   0  0  0  0  10 
Joe Corvo                0  0  0  -2  0   0  0  1  0  19 
Joel Lundqvist           0  0  0   0  0   0  0  0  9  13 
John Oduya               0  0  0  -2  2   0  1  1  0  16 
Jordan Staal             0  0  0  -2  2   0  4  0  18 17 
Ladislav Nagy            0  0  0   0  0   1  0  0  0  14 
Mike Knuble              1  0  1   1  0   3  0  0  1  18 
Pavol Demitra            1  0  1   1  0   3  0  0  2  21 
Pierre-Marc Bouchard     0  0  0  -2  0   1  0  0  0  14 
Sergei Gonchar           0  1  1   1  2   1  0  1  0  22 
Shawn Bates              0  0  0   0  0   0  0  0  0  10 
Steven Reinprecht        0  0  0  -2  0   2  0  0  1  15 
Ducks
Player Name              G  A  P  +/- PIM S  H  SB FO MP 
-----------------------------------------------------------
Ales Hemsky              0  0  0   0  0   1  0  0  0  7  
Andrew Brunette          0  1  1   0  0   1  0  0  1  16 
Ben Guite                0  0  0   1  0   1  0  0  28 22 
Chris Pronger            0  1  1   1  2   0  0  1  0  23 
Francois Beauchemin      0  0  0   0  0   1  2  1  1  25 
Jamal Mayers             0  0  0  -1  15  0  1  0  0  6  
Jonathan Toews           0  0  0   0  0   0  0  0  2  5  
Manny Malhotra           1  0  1   0  0   1  0  0  2  21 
Marek Malik              0  0  0   0  0   0  1  3  0  14 
Mike Fisher              0  0  0   1  2   1  1  0  2  16 
Mike Sillinger           1  0  1   1  0   1  0  0  0  17 
Paul Stastny             1  0  1   0  0   5  1  0  10 19 
R.J. Umberger            0  0  0   0  0   1  0  0  2  12 
Richard Park             0  1  1   0  0   2  1  0  10 21 
Shane O'Brien            0  0  0   0  2   0  0  0  0  18 
Teppo Numminen           0  0  0   1  0   0  0  0  0  21 
Tom Poti                 0  2  2   0  0   0  1  0  0  22 
Tuomo Ruutu              0  0  0   1  0   2  4  0  7  23 

3 Stars

1 - Eric Staal (PHX)
2 - Mike Knuble (PHX)
3 - Pavol Demitra (PHX)

Power Play

Coyotes - 1 on 4 Attempt(s) - 25.00%
Ducks - 1 on 6 Attempt(s) - 16.67%

Penalty Kill

Coyotes - 5 on 6 Attempt(s) - 83.33% - Score 0 goal in Penalty Kill
Ducks - 3 on 4 Attempt(s) - 75.00% - Score 0 goal in Penalty Kill

Game Notes

Jamal Mayers ejected from game at 16:26 of 1st period
Andrew Brunette is injured at 2:26 of 3rd period (Fractured Metatarsal (Right Foot))

Finance

Level 1 -- Attendance: 3748 (62.47%) -- Ticket Income $374,800.00
Level 2 -- Attendance: 3033 (72.66%) -- Ticket Income $181,980.00
Level 3 -- Attendance: 1613 (80.65%) -- Ticket Income $56,455.00
Level 4 -- Attendance: 3511 (87.78%) -- Ticket Income $70,220.00
Luxury Box -- Attendance: 896 (89.60%) -- Ticket Income $179,200.00
Game was played at the Honda Center
Total Attendance: 12801 (74.54%)
Total Ticket Income: $898,754.60
Other Income: $151,843.80
Total Income: $1,050,599.00


Play by Play

Period #1

0:01 of 1st period - Tuomo Ruutu wins face-off versus Mike Knuble in neutral zone.
0:26 of 1st period - Minor Penalty to Sergei Gonchar for Hooking.
0:27 of 1st period - Ben Guite wins face-off versus Jordan Staal in Coyotes zone.
0:38 of 1st period - Shot by Andrew Brunette.
0:38 of 1st period - Shot Misses the Net.
0:40 of 1st period - Shot by Ben Guite.
0:40 of 1st period - Stopped by Cam Ward without a rebound.
0:41 of 1st period - Jordan Staal wins face-off versus Ben Guite in Coyotes zone.
0:49 of 1st period - Teppo Numminen is hit by Aaron Ward and loses puck.
0:59 of 1st period - Icing by Teppo Numminen.
1:00 of 1st period - Jordan Staal wins face-off versus Ben Guite in Ducks zone.
3:02 of 1st period - Icing by Shane O'Brien.
3:03 of 1st period - Jordan Staal wins face-off versus Paul Stastny in Ducks zone.
3:23 of 1st period - Icing by Shane O'Brien.
3:24 of 1st period - Mike Fisher wins face-off versus Joel Lundqvist in Ducks zone.
4:10 of 1st period - Shot by Richard Park.
4:10 of 1st period - Stopped by Cam Ward without a rebound.
4:11 of 1st period - Ben Guite wins face-off versus Jordan Staal in Coyotes zone.
4:34 of 1st period - Shot by Tuomo Ruutu.
4:34 of 1st period - Shot Misses the Net.
4:36 of 1st period - Shot by Mike Sillinger.
4:36 of 1st period - Shot Misses the Net.
4:46 of 1st period - Shot by Tuomo Ruutu.
4:46 of 1st period - Shot Misses the Net.
4:52 of 1st period - Shot by Tuomo Ruutu.
4:52 of 1st period - Shot Blocked by Joe Corvo.
5:18 of 1st period - Shot by Jamal Mayers.
5:18 of 1st period - Shot Misses the Net.
5:44 of 1st period - Brent Sopel is hit by Tuomo Ruutu and loses puck.
5:51 of 1st period - Shot by R.J. Umberger.
5:51 of 1st period - Shot Blocked by Brent Sopel.
5:53 of 1st period - Shot by Tuomo Ruutu.
5:53 of 1st period - Shot Blocked by Brent Sopel.
5:59 of 1st period - Shot by R.J. Umberger.
5:59 of 1st period - Shot Blocked by Sergei Gonchar.
6:03 of 1st period - Shot by R.J. Umberger.
6:03 of 1st period - Stopped by Cam Ward without a rebound.
6:04 of 1st period - Paul Stastny wins face-off versus Eric Belanger in Coyotes zone.
6:29 of 1st period - Shot by Paul Stastny.
6:29 of 1st period - Deflect By Andrew Brunette.
6:29 of 1st period - Stopped by Cam Ward with a rebound.
6:42 of 1st period - Icing by Erik Cole.
6:43 of 1st period - Eric Belanger wins face-off versus Richard Park in Coyotes zone.
9:23 of 1st period - Jordan Staal is hit by Jamal Mayers and loses puck.
10:27 of 1st period - Shot by Pavol Demitra.
10:27 of 1st period - Goal by Pavol Demitra - Coyotes : 1 - Ducks : 0.
10:28 of 1st period - Jordan Staal wins face-off versus Ben Guite in neutral zone.
10:28 of 1st period - Joe Corvo is hit by Tuomo Ruutu and loses puck.
10:33 of 1st period - Shot by Mike Sillinger.
10:33 of 1st period - Goal by Mike Sillinger - Coyotes : 1 - Ducks : 1.
10:34 of 1st period - Joel Lundqvist wins face-off versus Ben Guite in neutral zone.
10:39 of 1st period - Shot by Eric Staal.
10:39 of 1st period - Stopped by Jean-Sebastien Giguere without a rebound.
10:40 of 1st period - Ben Guite wins face-off versus Joel Lundqvist in Ducks zone.
11:33 of 1st period - Shot by Pierre-Marc Bouchard.
11:33 of 1st period - Deflect By Steven Reinprecht.
11:33 of 1st period - Stopped by Jean-Sebastien Giguere with a rebound.
11:44 of 1st period - Paul Stastny is hit by John Oduya and loses puck.
12:33 of 1st period - Shot by Pavol Demitra.
12:33 of 1st period - Stopped by Jean-Sebastien Giguere without a rebound.
12:34 of 1st period - Ben Guite wins face-off versus Joel Lundqvist in Ducks zone.
13:11 of 1st period - Off-side.
13:12 of 1st period - Paul Stastny wins face-off versus Eric Belanger in neutral zone.
14:30 of 1st period - Shot by Jonathan Toews.
14:30 of 1st period - Shot Misses the Net.
14:32 of 1st period - Shot by Tuomo Ruutu.
14:32 of 1st period - Stopped by Cam Ward without a rebound.
14:33 of 1st period - Jordan Staal wins face-off versus Ben Guite in Coyotes zone.
14:33 of 1st period - Pierre-Marc Bouchard is hit by Mike Fisher and loses puck.
14:56 of 1st period - Shot by Steven Reinprecht.
14:56 of 1st period - Shot Blocked by Francois Beauchemin.
15:13 of 1st period - Off-side.
15:14 of 1st period - Joel Lundqvist wins face-off versus Tuomo Ruutu in neutral zone.
16:12 of 1st period - Shot by Eric Staal.
16:12 of 1st period - Shot Misses the Net.
16:16 of 1st period - Shot by Eric Staal.
16:16 of 1st period - Stopped by Jean-Sebastien Giguere without a rebound.
16:17 of 1st period - Richard Park wins face-off versus Jordan Staal in Ducks zone.
16:26 of 1st period - Major / Game Misconduct Penalty to Jamal Mayers for Checking from behind.
16:26 of 1st period - Jamal Mayers is ejected from game.
16:27 of 1st period - Eric Belanger wins face-off versus Ben Guite in neutral zone.
17:14 of 1st period - Minor Penalty to Mike Fisher for Cross-checking.
17:15 of 1st period - Eric Staal wins face-off versus Ben Guite in Coyotes zone.
17:36 of 1st period - Shot by Eric Staal.
17:36 of 1st period - Shot Blocked by Chris Pronger.
17:38 of 1st period - Shot by Sergei Gonchar.
17:38 of 1st period - Stopped by Jean-Sebastien Giguere without a rebound.
17:39 of 1st period - Eric Belanger wins face-off versus Richard Park in Ducks zone.
18:57 of 1st period - Tom Poti is hit by Erik Cole and loses puck.
19:33 of 1st period - Icing by Joel Lundqvist.
19:34 of 1st period - Tuomo Ruutu wins face-off versus Eric Staal in Coyotes zone.

Period #2

0:01 of 2nd period - Ben Guite wins face-off versus Eric Staal in neutral zone.
0:20 of 2nd period - Shot by Brent Sopel.
0:20 of 2nd period - Shot Misses the Net.
0:22 of 2nd period - Shot by Brent Sopel.
0:22 of 2nd period - Stopped by Jean-Sebastien Giguere without a rebound.
0:23 of 2nd period - Ben Guite wins face-off versus Eric Belanger in Ducks zone.
0:23 of 2nd period - Ben Guite is hit by Erik Cole.
1:01 of 2nd period - Chris Pronger is hit by Erik Cole and loses puck.
1:17 of 2nd period - Off-side.
1:18 of 2nd period - Ben Guite wins face-off versus Eric Staal in neutral zone.
1:39 of 2nd period - Shot by Mike Fisher.
1:39 of 2nd period - Deflect By Manny Malhotra.
1:39 of 2nd period - Shot Misses the Net.
1:41 of 2nd period - Shot by Tom Poti.
1:41 of 2nd period - Shot Misses the Net.
1:43 of 2nd period - Shot by Richard Park.
1:43 of 2nd period - Deflect By Manny Malhotra.
1:43 of 2nd period - Goal by Manny Malhotra - Coyotes : 1 - Ducks : 2.
1:44 of 2nd period - Eric Staal wins face-off versus Tuomo Ruutu in neutral zone.
1:44 of 2nd period - Eric Staal is hit by Tuomo Ruutu.
2:09 of 2nd period - Pavol Demitra is hit by Marek Malik and loses puck.
2:13 of 2nd period - Minor Penalty to Shane O'Brien for Tripping.
2:14 of 2nd period - Richard Park wins face-off versus Eric Belanger in Ducks zone.
2:32 of 2nd period - Shot by Ladislav Nagy.
2:32 of 2nd period - Shot Misses the Net.
2:34 of 2nd period - Shot by Aaron Ward.
2:34 of 2nd period - Deflect By Erik Cole.
2:34 of 2nd period - Stopped by Jean-Sebastien Giguere without a rebound.
2:35 of 2nd period - Manny Malhotra wins face-off versus Eric Staal in Ducks zone.
3:52 of 2nd period - Anders Eriksson is hit by Paul Stastny.
4:20 of 2nd period - Shot by Manny Malhotra.
4:20 of 2nd period - Shot Misses the Net.
4:24 of 2nd period - Shot by Mike Fisher.
4:24 of 2nd period - Shot Misses the Net.
4:28 of 2nd period - Shot by Mike Fisher.
4:28 of 2nd period - Stopped by Cam Ward without a rebound.
4:29 of 2nd period - Ben Guite wins face-off versus Jordan Staal in Coyotes zone.
4:40 of 2nd period - Shot by Andrew Brunette.
4:40 of 2nd period - Shot Blocked by John Oduya.
6:00 of 2nd period - Eric Staal is hit by Tom Poti and loses puck.
6:12 of 2nd period - Pavol Demitra is hit by Francois Beauchemin and loses puck.
7:36 of 2nd period - Shot by Andrew Brunette.
7:36 of 2nd period - Deflect By Tuomo Ruutu.
7:36 of 2nd period - Stopped by Cam Ward without a rebound.
7:37 of 2nd period - Ben Guite wins face-off versus Eric Staal in Coyotes zone.
8:24 of 2nd period - Shot by Pierre-Marc Bouchard.
8:24 of 2nd period - Shot Misses the Net.
8:26 of 2nd period - Shot by Jordan Staal.
8:26 of 2nd period - Deflect By Pierre-Marc Bouchard.
8:26 of 2nd period - Stopped by Jean-Sebastien Giguere without a rebound.
8:27 of 2nd period - Joel Lundqvist wins face-off versus Paul Stastny in Ducks zone.
9:21 of 2nd period - Francois Beauchemin is hit by Jordan Staal and loses puck.
9:47 of 2nd period - Shot by Mike Knuble.
9:47 of 2nd period - Stopped by Jean-Sebastien Giguere without a rebound.
9:48 of 2nd period - Eric Belanger wins face-off versus Mike Fisher in Ducks zone.
11:08 of 2nd period - Shot by Pavol Demitra.
11:08 of 2nd period - Stopped by Jean-Sebastien Giguere without a rebound.
11:09 of 2nd period - Jordan Staal wins face-off versus Richard Park in Ducks zone.
11:10 of 2nd period - Shot by Steven Reinprecht.
11:10 of 2nd period - Stopped by Jean-Sebastien Giguere without a rebound.
11:11 of 2nd period - Manny Malhotra wins face-off versus Jordan Staal in Ducks zone.
11:11 of 2nd period - Ales Hemsky is hit by Jordan Staal and loses puck.
11:31 of 2nd period - Icing by Richard Park.
11:32 of 2nd period - Richard Park wins face-off versus Joel Lundqvist in Ducks zone.
11:37 of 2nd period - Sergei Gonchar is hit by Richard Park and loses puck.
11:51 of 2nd period - Icing by Aaron Ward.
11:52 of 2nd period - Joel Lundqvist wins face-off versus Paul Stastny in Coyotes zone.
12:17 of 2nd period - Shot by Andrew Brunette.
12:17 of 2nd period - Shot Hit the Post.
13:25 of 2nd period - Icing by Tom Poti.
13:26 of 2nd period - Richard Park wins face-off versus Eric Staal in Ducks zone.
13:49 of 2nd period - Shot by Paul Stastny.
13:49 of 2nd period - Shot Misses the Net.
13:53 of 2nd period - Shot by Paul Stastny.
13:53 of 2nd period - Stopped by Cam Ward without a rebound.
13:54 of 2nd period - Eric Belanger wins face-off versus Paul Stastny in Coyotes zone.
14:42 of 2nd period - Icing by Jordan Staal.
14:43 of 2nd period - Jordan Staal wins face-off versus Jonathan Toews in Coyotes zone.
15:04 of 2nd period - Shot by Steven Reinprecht.
15:04 of 2nd period - Shot Misses the Net.
15:06 of 2nd period - Shot by Steven Reinprecht.
15:06 of 2nd period - Shot Blocked by Marek Malik.
15:41 of 2nd period - Off-side.
15:42 of 2nd period - Eric Staal wins face-off versus R.J. Umberger in neutral zone.
15:49 of 2nd period - Shot by Eric Staal.
15:49 of 2nd period - Stopped by Jean-Sebastien Giguere without a rebound.
15:50 of 2nd period - Pavol Demitra wins face-off versus Ben Guite in Ducks zone.
16:20 of 2nd period - Shot by Mike Knuble.
16:20 of 2nd period - Stopped by Jean-Sebastien Giguere without a rebound.
16:21 of 2nd period - Jordan Staal wins face-off versus Richard Park in Ducks zone.
16:49 of 2nd period - Minor Penalty to John Oduya for Hooking.
16:50 of 2nd period - Jordan Staal wins face-off versus Paul Stastny in Coyotes zone.
17:10 of 2nd period - Minor Penalty to Aaron Ward for Interference.
17:11 of 2nd period - Eric Staal wins face-off versus Ben Guite in Coyotes zone.
17:19 of 2nd period - Off-side.
17:20 of 2nd period - Paul Stastny wins face-off versus Eric Staal in neutral zone.
17:42 of 2nd period - Shot by Paul Stastny.
17:42 of 2nd period - Stopped by Cam Ward with a rebound.
17:44 of 2nd period - Shot by Tom Poti.
17:44 of 2nd period - Shot Blocked by Brent Sopel.
17:48 of 2nd period - Shot by Paul Stastny.
17:48 of 2nd period - Goal by Paul Stastny - Coyotes : 1 - Ducks : 3.
17:49 of 2nd period - Jordan Staal wins face-off versus Ben Guite in neutral zone.
17:49 of 2nd period - Joe Corvo is hit by Tuomo Ruutu and loses puck.
19:30 of 2nd period - Shot by Pierre-Marc Bouchard.
19:30 of 2nd period - Shot Misses the Net.

Period #3

0:01 of 3rd period - Eric Staal wins face-off versus Ben Guite in neutral zone.
0:19 of 3rd period - Minor Penalty to Chris Pronger for Hooking.
0:20 of 3rd period - Ben Guite wins face-off versus Eric Belanger in Ducks zone.
0:37 of 3rd period - Shot by Ladislav Nagy.
0:37 of 3rd period - Stopped by Jean-Sebastien Giguere without a rebound.
0:38 of 3rd period - Ben Guite wins face-off versus Eric Staal in Ducks zone.
1:07 of 3rd period - Shot by Eric Staal.
1:07 of 3rd period - Shot Misses the Net.
1:15 of 3rd period - Shot by Mike Knuble.
1:15 of 3rd period - Goal by Mike Knuble - Coyotes : 2 - Ducks : 3.
1:16 of 3rd period - Erik Cole wins face-off versus Andrew Brunette in neutral zone.
1:37 of 3rd period - Shot by Erik Cole.
1:37 of 3rd period - Shot Misses the Net.
1:39 of 3rd period - Shot by Anders Eriksson.
1:39 of 3rd period - Shot Blocked by Marek Malik.
1:41 of 3rd period - Shot by Aaron Ward.
1:41 of 3rd period - Shot Blocked by Marek Malik.
1:43 of 3rd period - Shot by Erik Cole.
1:43 of 3rd period - Deflect By Ladislav Nagy.
1:43 of 3rd period - Shot Misses the Net.
1:51 of 3rd period - Shot by Erik Cole.
1:51 of 3rd period - Shot Hit the Post.
2:01 of 3rd period - Icing by Andrew Brunette.
2:02 of 3rd period - Jordan Staal wins face-off versus Tuomo Ruutu in Ducks zone.
2:25 of 3rd period - Andrew Brunette is hit by Jordan Staal and loses puck.
2:26 of 3rd period - Andrew Brunette from Ducks is injured at 2:26 of 3rd period (Fractured Metatarsal (Right Foot)).
2:27 of 3rd period - Eric Staal wins face-off versus Richard Park in Ducks zone.
2:37 of 3rd period - Mike Knuble is hit by Francois Beauchemin and loses puck.
2:50 of 3rd period - Shot by Richard Park.
2:50 of 3rd period - Stopped by Cam Ward with a rebound.
2:52 of 3rd period - Shot by Tom Poti.
2:52 of 3rd period - Shot Misses the Net.
3:08 of 3rd period - Shot by Francois Beauchemin.
3:08 of 3rd period - Stopped by Cam Ward with a rebound.
3:58 of 3rd period - Shot by R.J. Umberger.
3:58 of 3rd period - Shot Blocked by Eric Staal.
4:07 of 3rd period - Icing by Sergei Gonchar.
4:08 of 3rd period - Eric Staal wins face-off versus Richard Park in Coyotes zone.
5:04 of 3rd period - Minor Penalty to Jordan Staal for Tripping.
5:05 of 3rd period - Ben Guite wins face-off versus Eric Belanger in neutral zone.
5:12 of 3rd period - Shot by Chris Pronger.
5:12 of 3rd period - Shot Misses the Net.
5:19 of 3rd period - Icing by Chris Pronger.
5:20 of 3rd period - Joel Lundqvist wins face-off versus Tuomo Ruutu in Ducks zone.
5:53 of 3rd period - Shot by Eric Belanger.
5:53 of 3rd period - Shot Hit the Post.
6:05 of 3rd period - Shot by Paul Stastny.
6:05 of 3rd period - Shot Blocked by Anders Eriksson.
6:07 of 3rd period - Shot by Ales Hemsky.
6:07 of 3rd period - Stopped by Cam Ward without a rebound.
6:08 of 3rd period - Paul Stastny wins face-off versus Eric Staal in Coyotes zone.
6:25 of 3rd period - Shot by Paul Stastny.
6:25 of 3rd period - Stopped by Cam Ward without a rebound.
6:26 of 3rd period - Eric Belanger wins face-off versus Ben Guite in Coyotes zone.
6:34 of 3rd period - Off-side.
6:35 of 3rd period - Eric Belanger wins face-off versus Ben Guite in neutral zone.
7:16 of 3rd period - Shot by Richard Park.
7:16 of 3rd period - Deflect By Manny Malhotra.
7:16 of 3rd period - Shot Misses the Net.
8:22 of 3rd period - Shot by Paul Stastny.
8:22 of 3rd period - Stopped by Cam Ward without a rebound.
8:23 of 3rd period - Ben Guite wins face-off versus Eric Staal in Coyotes zone.
9:03 of 3rd period - Off-side.
9:04 of 3rd period - Paul Stastny wins face-off versus Steven Reinprecht in neutral zone.
10:21 of 3rd period - Ben Guite is hit by Jordan Staal.
11:59 of 3rd period - Icing by Teppo Numminen.
12:00 of 3rd period - Eric Belanger wins face-off versus Ben Guite in Ducks zone.
12:38 of 3rd period - Icing by Ales Hemsky.
12:39 of 3rd period - Pavol Demitra wins face-off versus Tuomo Ruutu in Ducks zone.
13:19 of 3rd period - Icing by Teppo Numminen.
13:20 of 3rd period - Ben Guite wins face-off versus Jordan Staal in Ducks zone.
14:25 of 3rd period - Shot by Paul Stastny.
14:25 of 3rd period - Shot Misses the Net.
14:49 of 3rd period - Shot by R.J. Umberger.
14:49 of 3rd period - Shot Misses the Net.
16:01 of 3rd period - Off-side.
16:02 of 3rd period - Jonathan Toews wins face-off versus Eric Belanger in neutral zone.
16:02 of 3rd period - Minor Penalty to Erik Cole for Holding.
16:03 of 3rd period - Eric Staal wins face-off versus R.J. Umberger in neutral zone.
18:53 of 3rd period - Shane O'Brien is hit by Aaron Ward and loses puck.
18:59 of 3rd period - Minor Penalty to Aaron Ward for Tripping.
19:00 of 3rd period - Jordan Staal wins face-off versus Francois Beauchemin in Coyotes zone.


Output by the SimonT Hockey Simulator (STHS) for Stephane Roy -- Original Page W3C XHTML 1.0 Valid